AoeStats
← fatcat15513

QS Arena

503350024Analyzed
4v4 RM · 1mo ago on Aug 31, 2026· 56m 34s· 8 players
Game mode
Random Map
Map size
Large (8 player)
Population
200
Speed
Normal
Resources
Standard
Victory
Conquest
Starting age
Dark Age
Ending age
Imperial Age
RankedLock teamsTeams togetherTeam positionsShared explorationLock speedFull tech treeHidden civsTurbo modeCheats
Victory
Defeat
🇹🇼 Dravidians · Taiwan
1278
+12
🇨🇳 Spanish · China
1262
+13
🇨🇳 Persians · China
1224
+15
🇹🇼 Wei · Taiwan
1111
+20
🇦🇺 Mongols · Australia
1253
-18
🇮🇳 Bohemians · India
1210
-16
🇮🇳 Saracens · India
1199
-15
🇮🇳 Magyars · India
1132
-12
一梦千年
9:20 Feudal Age
14:11 Castle Age
12:13 Double-Bit Axe
12:10 Horse Collar
15:48 Bow Saw
17:36 Heavy Plow
22:02 Wheelbarrow
27:16 Imperial Age
24:33 Loom
26:31 Gold Mining
26:59 Elite War Elephant
27:55 Forging
27:50 Scale Barding Armor
28:02 Hand Cart
27:49 Town Watch
28:01 Stone Mining
28:47 Gold Shaft Mining
29:30 Iron Casting
29:15 Chain Barding Armor
29:58 Conscription
29:54 Husbandry
30:04 Bloodlines
30:46 Stone Shaft Mining
30:50 Crop Rotation
31:12 Plate Barding Armor
31:38 Blast Furnace
32:16 Fletching
32:26 Padded Archer Armor
32:32 Murder Holes
33:38 Chemistry
32:59 Ballistics
33:17 Bodkin Arrow
33:38 Leather Archer Armor
43:54 Caravan
48:45 Leather Archer Armor
48:10 Elite Skirmisher
我很牛逼
8:43 Feudal Age
8:49 Loom
12:56 Castle Age
11:08 Horse Collar
12:04 Double-Bit Axe
16:28 Heavy Plow
24:26 Wheelbarrow
24:03 Bow Saw
29:11 Imperial Age
27:26 Forging
27:21 Scale Barding Armor
27:26 Forging
27:21 Scale Barding Armor
29:04 Iron Casting
28:34 Scale Barding Armor
28:51 Gold Mining
28:51 Stone Mining
28:51 Gold Mining
28:51 Stone Mining
29:18 Husbandry
30:02 Hand Cart
30:32 Conscription
29:37 Cavalier
31:35 Supremacy
31:30 Bloodlines
31:42 Fletching
33:12 Blast Furnace
32:32 Chain Barding Armor
33:12 Blast Furnace
33:21 Two-Man Saw
33:20 Paladin
34:08 Bodkin Arrow
34:48 Plate Barding Armor
34:37 Ballistics
37:52 Elite Conquistador
38:15 Light Cavalry
39:11 Hussar
39:55 Bracer
39:43 Arrowslits
40:59 Chemistry
40:52 Town Watch
45:00 Pikeman
45:40 Squires
45:26 Arson
45:27 Gambesons
45:47 Scale Mail Armor
45:54 Caravan
45:33 Halberdier
46:49 Capped Ram
50:11 Chain Mail Armor
fatcat15513
8:42 Feudal Age
12:24 Castle Age
10:22 Horse Collar
11:54 Double-Bit Axe
12:47 Wheelbarrow
13:56 Bow Saw
14:40 Heavy Plow
18:08 Gold Mining
19:47 Gold Shaft Mining
19:03 Stone Mining
22:22 Stone Shaft Mining
22:04 Loom
25:48 Imperial Age
23:34 Treadmill Crane
24:14 Hand Cart
24:23 Pikeman
25:03 Squires
24:48 Arson
25:05 Scale Mail Armor
25:16 Forging
26:05 Town Watch
26:39 Forging
26:44 Chain Mail Armor
26:39 Forging
25:52 Halberdier
27:57 Iron Casting
27:13 Fletching
27:23 Padded Archer Armor
28:15 Town Patrol
28:22 Man-at-Arms
28:55 Heavy Scorpion
30:32 Ballistics
31:12 Chemistry
30:24 Long Swordsman
31:14 Padded Archer Armor
32:04 Thumb Ring
31:45 Two-Handed Swordsman
33:42 Capped Ram
34:34 Husbandry
34:44 Bloodlines
34:34 Husbandry
34:35 Light Cavalry
39:29 Elite Skirmisher
40:29 Crossbowman
41:36 Parthian Tactics
41:29 Fortified Wall
41:15 Murder Holes
41:17 Hussar
42:41 Tuntian
43:01 Conscription
43:06 Ming Guang Armor
44:00 Caravan
46:15 Scale Barding Armor
47:44 Chain Barding Armor
48:02 Bodkin Arrow
52:49 Hoardings
LocalMomsHelper
8:14 Feudal Age
12:07 Castle Age
11:11 Double-Bit Axe
11:08 Horse Collar
15:35 Bow Saw
19:33 Wheelbarrow
21:16 Heavy Plow
21:04 Town Watch
21:26 Gold Mining
22:38 Hand Cart
26:04 Imperial Age
24:01 Fletching
24:35 Ballistics
24:57 Bodkin Arrow
25:02 Padded Archer Armor
24:58 Stone Mining
25:47 Thumb Ring
26:38 Leather Archer Armor
26:11 Elite Elephant Archer
27:39 Bracer
29:15 Ring Archer Armor
28:49 Husbandry
28:55 Loom
29:11 Town Patrol
32:26 Pikeman
33:06 Squires
32:52 Arson
33:23 Scale Mail Armor
33:34 Forging
36:08 Caravan
38:47 Crossbowman
39:26 Arbalester
39:48 Halberdier
42:35 Masonry
43:40 Gambesons
45:56 Conscription
46:33 Elite Skirmisher
54:24 Chemistry
53:36 Fortified Wall
54:39 Wootz Steel
55:32 Chain Mail Armor
55:52 Iron Casting
jay_jadon
8:58 Feudal Age
14:13 Castle Age
13:18 Double-Bit Axe
16:52 Elite Skirmisher
18:43 Loom
20:17 Fletching
22:10 Fletching
22:21 Padded Archer Armor
23:06 Horse Collar
28:12 Heavy Plow
32:34 Imperial Age
30:40 Leather Archer Armor
31:47 Corvinian Army
31:54 Corvinian Army
32:13 Bow Saw
32:30 Bodkin Arrow
33:23 Bloodlines
32:35 Light Cavalry
33:51 Pikeman
35:21 Wheelbarrow
50:02 Scale Mail Armor
55:08 Halberdier
abhishekchopra.ubs
8:39 Feudal Age
12:28 Castle Age
11:36 Double-Bit Axe
11:32 Horse Collar
13:00 Loom
16:34 Bow Saw
16:06 Horse Collar
22:53 Wheelbarrow
22:45 Sanctity
22:42 Fervor
23:47 Heavy Plow
26:50 Imperial Age
24:50 Pikeman
25:30 Squires
25:16 Arson
27:30 Chemistry
27:56 Scale Mail Armor
28:07 Forging
30:07 Two-Man Saw
29:15 Fletching
29:57 Halberdier
37:20 Ballistics
40:11 Chain Mail Armor
44:17 Bodkin Arrow
44:24 Padded Archer Armor
45:08 Elite Skirmisher
46:40 Leather Archer Armor
46:35 Bracer
Tawny
2:52 Loom
9:37 Feudal Age
11:13 Double-Bit Axe
11:32 Horse Collar
14:11 Castle Age
13:14 Wheelbarrow
15:05 Bow Saw
16:24 Hand Cart
24:02 Fletching
24:33 Stone Mining
24:35 Gold Mining
25:00 Heavy Plow
25:21 Nomads
25:41 Padded Archer Armor
26:21 Town Watch
26:35 Bodkin Arrow
26:55 Leather Archer Armor
27:30 Fortified Wall
27:40 Ballistics
30:29 Imperial Age
28:20 Bloodlines
28:13 Husbandry
28:57 Stone Shaft Mining
28:45 Masonry
28:22 Light Cavalry
29:10 Thumb Ring
29:24 Forging
29:43 Scale Barding Armor
30:18 Murder Holes
30:12 Pikeman
31:11 Bracer
31:11 Scale Mail Armor
31:46 Iron Casting
30:38 Elite Mangudai
32:50 Chemistry
32:18 Parthian Tactics
32:01 Squires
32:24 Conscription
32:47 Chain Mail Armor
33:38 Hoardings
35:02 Blast Furnace
35:00 Gold Shaft Mining
35:43 Plate Mail Armor
36:31 Caravan
43:31 Chain Barding Armor
42:48 Elite Skirmisher
51:50 Hussar
k10_g15
8:31 Feudal Age
12:12 Castle Age
10:20 Horse Collar
11:11 Double-Bit Axe
13:31 Bow Saw
19:47 Wheelbarrow
20:18 Gold Mining
20:47 Stone Mining
21:53 Hand Cart
23:31 Loom
26:23 Imperial Age
25:02 Scale Barding Armor
25:09 Forging
25:21 Treadmill Crane
26:13 Bloodlines
26:04 Husbandry
27:02 Chain Barding Armor
27:17 Iron Casting
27:01 Masonry
26:48 Murder Holes
27:02 Elite Mameluke
28:06 Heavy Plow
29:28 Chemistry
28:59 Conscription
29:27 Plate Barding Armor
31:35 Fletching
33:16 Bodkin Arrow
34:40 Hoardings
35:13 Two-Man Saw
35:04 Ballistics
34:51 Padded Archer Armor
35:55 Caravan
36:26 Coinage
37:08 Blast Furnace
36:09 Bracer
36:25 Leather Archer Armor
41:55 Light Cavalry
44:17 Ring Archer Armor
49:16 Fortified Wall
52:33 Hussar
Connection lost

Rejoining the realm…

Still unreachable

The connection could not be restored.

Session expired

The server has moved on; the page needs a fresh start.